 Dungeon Crawl Stone Soup version 0.30.1-11-g7821555f0a (webtiles) character file.

Game seed: 14463300660513538003

85476 Gumption the Messiah (level 15, 0/139 HPs)
             Began as a Hill Orc Monk on Nov 16, 2023.
             Was the Champion of Beogh.
             Constricted to death by Jorgrun (8 damage)
             ... on level 2 of the Spider Nest on Nov 17, 2023.
             The game lasted 03:36:17 (30416 turns).

Gumption the Messiah (Hill Orc Monk)               Turns: 30416, Time: 03:36:18

Health: 0/139      AC: 25    Str: 23    XL:     15   Next: 84%
Magic:  24/26      EV:  2    Int: 10    God:    Beogh [******]
Gold:   791        SH: 15    Dex: 17    Spells: 14/14 levels left

rFire   + + .        C - +5 trident (heavy)
rCold   x . .        u - +2 kite shield {reflect}
rNeg    . . .        B - +1 plate armour {rPois}
rPois   +            w - +0 helmet
rElec   .            (no cloak)
rCorr   +            s - +2 pair of gloves
SInv    +            S - +2 pair of boots {Stlth+}
Will    +....        K - amulet of regeneration Stlth
                     M - ring "Urchu Hoe" {Fire rCorr Str+3 Dex+2 SInv}
HPRegen 1.23/turn    J - ring of protection from fire
MPRegen 0.20/turn

%: reflection
@: petrifying, grasped by roots, slowed, constricted, recalling, very slow
A: walk on water
a: Renounce Religion, Smiting, Stop Recall, Give Item to Named Follower,
Resurrection


You were on level 2 of the Spider Nest.
You worshipped Beogh.
Beogh was exalted by your worship.
You visited 4 branches of the dungeon, and saw 23 of its levels.
You visited 1 bazaar.

You collected 2936 gold pieces.
You spent 2145 gold pieces at shops.

Inventory:

Hand Weapons
 v - a +2 dire flail of protection
 C - a +5 heavy trident (weapon)
Missiles
 i - 3 throwing nets
 y - 30 poisoned darts (quivered)
 N - 4 curare-tipped darts
Armour
 s - a +2 pair of gloves (worn)
 u - a +2 kite shield of reflection (worn)
 w - a +0 helmet (worn)
 B - a +1 plate armour of poison resistance (worn)
 S - a +2 pair of boots of stealth (worn)
 Z - a +2 kite shield
Jewellery
 h - a +4 ring of protection
 l - a +6 ring of dexterity
 J - a ring of protection from fire (right hand)
 K - an amulet of regeneration (around neck)
 M - the ring "Urchu Hoe" (left hand) {Fire rCorr Str+3 Dex+2 SInv}
   (You bought it in a shop on level 2 of the Orcish Mines)

   [ring of fire]

   It enhances your fire magic.
   Str:       It affects your strength (+3).
   Dex:       It affects your dexterity (+2).
   rF:        It protects you from fire.
   rC:        It makes you vulnerable to cold.
   SInv:      It lets you see invisible.
   rCorr:     It protects you from acid and corrosion.
 R - a ring of willpower
Wands
 d - a wand of digging (16)
 n - a wand of flame (29)
 z - a wand of mindburst (10)
 G - a wand of paralysis (15)
 L - a wand of iceblast (7)
 Q - a wand of acid (8)
 T - a wand of polymorph (5)
Scrolls
 a - 3 scrolls of fear
 j - 5 scrolls of poison
 m - 5 scrolls of summoning
 o - 8 scrolls of teleportation
 p - a scroll of silence
 r - 2 scrolls of identify
 x - 7 scrolls of enchant armour
 A - 4 scrolls of fog
 E - 5 scrolls of immolation
 F - a scroll of magic mapping
 H - 4 scrolls of blinking
 I - 8 scrolls of vulnerability
 X - 2 scrolls of brand weapon
Potions
 b - 3 potions of invisibility
 c - 7 potions of ambrosia
 e - 2 potions of brilliance
 f - 7 potions of cancellation
 g - 8 potions of curing
 k - 2 potions of lignification
 q - 2 potions of flight
 t - 3 potions of attraction
 D - 5 potions of mutation
 O - a potion of heal wounds
 P - 2 potions of haste
 U - a potion of might
 V - a potion of magic


   Skills:
 + Level 14.5 Fighting
 - Level 5.0(11.6) Axes
 - Level 13.7(14.0) Polearms
 + Level 12.9 Armour
 - Level 7.0 Dodging
 + Level 13.8 Shields
 + Level 14.7 Invocations


You had 14 spell levels left.
You didn't know any spells.
Your spell library contained the following spells:

 Spells                   Type           Power      Damage    Failure   Level
 Apportation              Tloc           0%         N/A       99%         1
 Freeze                   Ice            0%         1d3       99%         1
 Kiss of Death            Conj/Necr      0%         2d5       99%         1
 Magic Dart               Conj           0%         1d3       99%         1
 Necrotise                Necr           0%         1d4       99%         1
 Sandblast                Erth           0%         2d4       99%         1
 Shock                    Conj/Air       0%         1d3       99%         1
 Summon Small Mammal      Summ           0%         N/A       99%         1
 Passwall                 Tmut/Erth      0%         N/A       100%        2
 Scorch                   Fire           0%         2d5       100%        2
 Searing Ray              Conj           0%         2d4       100%        2
 Call Canine Familiar     Summ           0%         N/A       100%        3
 Confusing Touch          Hex            0%         N/A       100%        3
 Frozen Ramparts          Ice            0%         1d1       100%        3
 Gell's Gravitas          Tloc           0%         N/A       100%        3
 Hailstorm                Conj/Ice       0%         3d3       100%        3
 Ignite Poison            Fire/Tmut/Pois 0%         N/A       100%        3
 Portal Projectile        Hex/Tloc       0%         N/A       100%        3
 Stone Arrow              Conj/Erth      0%         3d7       100%        3
 Swiftness                Air            0%         N/A       100%        3
 Teleport Other           Tloc           0%         N/A       100%        3
 Tukima's Dance           Hex            0%         N/A       100%        3
 Airstrike                Air            0%         2d(0-16)  100%        4
 Animate Armour           Summ/Erth      0%         N/A       100%        4
 Dispel Undead            Necr           0%         3d6       100%        4
 Flame Wave               Conj/Fire      0%         2d4       100%        4
 Fulminant Prism          Conj/Hex       0%         3d5       100%        4
 Leda's Liquefaction      Hex/Erth       0%         N/A       100%        4
 Olgreb's Toxic Radiance  Pois           0%         N/A       100%        4
 Passage of Golubria      Tloc           0%         N/A       100%        4
 Sticky Flame             Conj/Fire      0%         2d3       100%        4
 Blade Hands              Tmut           0%         N/A       100%        5
 Yara's Violent Unravell  Hex/Tmut       0%         3d3       100%        5
 Dispersal                Tloc           0%         N/A       100%        6
 Iron Shot                Conj/Erth      0%         9d1       100%        6
 Summon Cactus Giant      Summ           0%         N/A       100%        6
 Discord                  Hex            0%         N/A       100%        8
 Ignition                 Fire           0%         3d3       100%        8


Dungeon Overview and Level Annotations

Branches:
Dungeon (14/15)            Temple (0/1) D:5            Lair (5/5) D:8
  Swamp (0/4) Lair:2       Spider (2/4) Lair:2        Slime (0/5) Lair:4
    Orc (2/2) D:12            Elf (0/3) Orc:2        Vaults (0/5) D:14

Altars:
Ashenzari
Cheibriados
Elyvilon
Fedhas
Hepliaklqana
Makhleb
Nemelex Xobeh
Okawaru
Qazlal
Sif Muna
Wu Jian
Xom
Yredelemnul
Zin
The Shining One
Beogh

Shops:
D:3 ((?   D:8 (   Orc:2 ==??

Annotations:
D:11 3 runed translucent doors
Spider:2 Jorgrun


Message History

Morbeogh hits the tarantella from afar with a +0 trident!!!
The tarantella dies!
Beogh accepts your kill.
Beogh blesses Morbeogh with healing.
You impale Jorgrun!!
Jorgrun is moderately wounded.
Your orc warrior is recalled.
Your orc knight is recalled.
Your orc warrior is recalled.
Your orc priest is recalled.
The redback bites your orc priest! The tarantella touches you.
* * * LOW HITPOINT WARNING * * *
The wolf spider hits you.
* * * LOW HITPOINT WARNING * * *
You block the wolf spider's attack. You block the redback's attack.
Something pounces on your orc warrior but does no damage.
Something barely misses your orc warrior.
The redback completely misses you.
Jorgrun points at you and mumbles some strange words.
You are slowing down.
The grasping roots constrict you!
* * * LOW HITPOINT WARNING * * *
The tarantella touches you!
* * * LOW HITPOINT WARNING * * *
The redback bites your orc priest!
Your orc priest dies!
The wolf spider hits you!
* * * LOW HITPOINT WARNING * * *
You block the wolf spider's attack. The redback barely misses you.
Something pounces on your orc warrior.
Something bites your orc warrior but does no damage.
Your orc priest closely misses the redback.
Oruk hits the redback with a +0 war axe!!
Morbeogh closely misses the tarantella.
The redback bites you but does no damage.
Orgrim unwields a +0 arbalest.
Orgrim wields a +0 great sword.
Orgrim hits the redback with a +0 great sword!!
The redback dies!
Beogh accepts your kill.
Jorgrun hits you with a +0 heavy quarterstaff!
* * * LOW HITPOINT WARNING * * *
The grasping roots constrict you!
You die...

######.#..#.###..#.#.#...##?#
##.#####..#.#...#...#.##......
#..^.##.....#.#...#..#...#.#^#
###..##.#..)......#....#..#...
####......#..^#..#...#.#....#.#
#..#....#....#...#..##..^#...#.
##..####....ooo#o###.##.##.#...
#...^#....##oo.s#..............
##.#.....##.#o@s)#.....#.###...
#......#.#..os#gs..###.#.....#.
####.#.##..#oo##s###..#..#...#.
########...#.ws......#....#.
###.##.s..#.#.#.#g#..
##.#.#.#.#...#....#
##.sss.....#.......[
#.#.ss#.###..#....#.
##..#.##.......#...#


You could see Jorgrun (ally target), a torpor snail, a wolf spider, a
culicivora, a tarantella, 4 redbacks, the friendly Morbeogh the orc warlord
(strong), the friendly Orgrim the orc warlord (strong, slow), 2 friendly orc
knights, the friendly Harm the orc knight (strong, slow), the friendly Ortolf
the orc knight (strong), the friendly Oruk the orc knight (strong), 2 friendly
orc warriors and a friendly orc priest (strong, slow).

Vanquished Creatures
  A spark wasp (Spider:1)
  2 entropy weavers (Spider:1)
  7 vault guards (D:14)
  A catoblepas (Lair:5)
  2 hydras
  A radroach (Spider:1)
  5 two-headed ogres
  2 boulder beetles
  2 tengu warriors
  3 death yaks
  A pharaoh ant (Spider:1)
  A sun moth (Spider:2)
  3 skeletal warriors
  An orb spider (Spider:2)
  Pikel (D:6)
  A lindwurm (Lair:4)
  2 steelbarb worms
  A wizard (D:14)
  8 wolf spiders
  2 manticores
  3 ugly things
  A cyclops (D:12)
  2 elephants
  2 moths of wrath (Spider:1)
  A black mamba (Lair:5)
  4 demonic crawlers
  4 cane toads
  2 gargoyles
  A rime drake (Lair:2)
  A komodo dragon (Lair:4)
  2 tengu conjurers
  A meliai (Lair:2)
  6 trolls
  A hornet (D:8)
  8 tarantellas
  A blink frog (Lair:4)
  13 jumping spiders
  6 culicivoras
  A wyvern (Lair:5)
  2 shadows (D:10)
  A wraith (D:12)
  23 yaks
  A basilisk (Lair:1)
  2 wargs
  2 steam dragons
  12 redbacks (Spider:1)
  4 vampire mosquitoes
  2 acid dragons
  2 hell hounds (D:13)
  6 water moccasins
  2 sky beasts (D:8)
  The ghost of laros the Chopper, an amateur MiBe of Trog (D:4)
  2 ice beasts
  10 orc warriors
  3 black bears
  2 wolves
  9 ogres
  3 centaurs
  3 lemures (D:6)
  A phantom (D:4)
  2 kobold brigands (D:8)
  3 gnoll sergeants
  4 bullfrogs
  2 scorpions
  5 wights
  12 killer bees
  2 howler monkeys
  3 jellies
  2 hounds
  A gnoll bouda (D:4)
  4 orc priests
  Ijyb (D:5)
  Jessica (D:3)
  Natasha (thrice) (D:2)
  Terence (D:2)
  3 iguanas
  9 orc wizards
  A sleepcap (D:6)
  Robin (D:3)
  10 adders
  15 gnolls
  A shadow imp (D:5)
  A worm (D:3)
  21 orcs
  6 bats
  4 endoplasms
  4 giant cockroaches
  15 goblins
  6 hobgoblins
  9 jackals
  3 quokkas
  2 training dummies (D:8)
  5 ball pythons
  5 frilled lizards
  13 kobolds
  11 rats
391 creatures vanquished.

Vanquished Creatures (collateral kills)
  Agnes (Lair:2)
  A broodmother (Lair:2)
  Nessos (Orc:2)
  Azrael (D:13)
  Snorg (D:14)
  An entropy weaver (Lair:2)
  A vault guard (D:14)
  2 hydras
  2 ogre magi (Orc:2)
  3 catoblepae (Lair:5)
  3 centaur warriors
  A boulder beetle (D:12)
  8 two-headed ogres
  15 death yaks
  7 skeletal warriors
  A pharaoh ant (Spider:1)
  2 deep trolls (Orc:2)
  A deep elf pyromancer (D:12)
  5 ugly things
  4 manticores
  4 cyclopes
  13 elephants
  3 gargoyles
  6 black mambas
  9 cane toads
  A torpor snail (Spider:1)
  5 komodo dragons
  A rime drake (Lair:4)
  A tengu conjurer (D:12)
  2 kobold demonologists
  7 trolls
  4 blink frogs (Lair:4)
  2 tarantellas
  2 tyrant leeches (Lair:2)
  7 slime creatures
  A vampire (D:12)
  3 fire elementals (D:13)
  2 basilisks
  2 wraiths (D:12)
  33 yaks
  7 redbacks
  7 vampire mosquitoes
  3 wargs
  2 acid dragons
  A hell hound (D:13)
  6 water moccasins
  6 orc warriors
  7 wolves
  A sky beast (D:7)
  12 ogres
  A centaur (D:12)
  2 kobold brigands (D:8)
  A gnoll sergeant (D:13)
  Blork the orc (D:6)
  A bullfrog (Lair:2)
  4 killer bees
  3 howler monkeys
  2 orc priests
  A hound (D:7)
  9 orc wizards
  A gnoll (D:13)
  A white imp (D:8)
  15 orcs
  A training dummy (D:8)
  3 kobolds (D:8)
  A fire vortex (D:14)
268 creatures vanquished.

Vanquished Creatures (others)
  An orc knight (Orc:2)
  An orc high priest (Orc:2)
  A redback (Spider:2)
  9 orc warriors
  13 orc priests
  7 orc wizards
  2 adders (D:4)
  A dart slug (D:4)
  51 orcs
86 creatures vanquished.

Grand Total: 745 creatures vanquished

Notes
Turn   | Place    | Note
-------+----------+-------------------------------------------
     0 | D:1      | Gumption the Hill Orc Monk began the quest for the Orb.
     0 | D:1      | Reached XP level 1. HP: 19/19 MP: 1/1
    78 | D:1      | Reached XP level 2. HP: 20/27 MP: 2/2
   214 | D:1      | Reached skill level 1 in Armour
   288 | D:1      | Reached XP level 3. HP: 33/33 MP: 3/3
   735 | D:2      | Noticed Natasha
   746 | D:2      | Killed Natasha
   747 | D:2      | Reached skill level 5 in Axes
   781 | D:2      | Noticed Natasha
   793 | D:2      | Killed Natasha
   794 | D:2      | Reached XP level 4. HP: 31/40 MP: 4/4
   838 | D:2      | Noticed Natasha
   844 | D:2      | Killed Natasha
  1124 | D:2      | Reached XP level 5. HP: 42/47 MP: 5/5
  1210 | D:2      | Noticed Terence
  1219 | D:2      | Killed Terence
  1631 | D:3      | Noticed an ice beast
  1647 | D:3      | Killed an ice beast
  1648 | D:3      | Reached skill level 5 in Fighting
  1648 | D:3      | Reached XP level 6. HP: 37/56 MP: 6/6
  1763 | D:3      | Found Zowneikk's Weapon Boutique.
  1764 | D:3      | Noticed Jessica
  1778 | D:3      | Killed Jessica
  1870 | D:3      | Found Kosoduf's Weapon Boutique.
  2089 | D:3      | Noticed Robin
  2111 | D:3      | Killed Robin
  2112 | D:3      | Reached skill level 1 in Shields
  2242 | D:3      | Found a stormy altar of Qazlal.
  2387 | D:3      | Found Neodik's Magic Scroll Boutique.
  2390 | D:3      | Bought a scroll of noise for 11 gold pieces
  2390 | D:3      | Bought a scroll of teleportation for 33 gold pieces
  2390 | D:3      | Bought a scroll of fog for 44 gold pieces
  2467 | D:3      | Found a faded altar of an unknown god.
  2587 | D:3      | Found an ornate altar of the Wu Jian Council.
  2596 | D:3      | Found a snail-covered altar of Cheibriados.
  2724 | D:4      | Became a worshipper of Beogh the Brigand
  2724 | D:4      | Reached * piety under Beogh
  2724 | D:4      | Reached ** piety under Beogh
  2775 | D:4      | Reached XP level 7. HP: 49/61 MP: 7/7
  2863 | D:4      | Reached skill level 1 in Invocations
  3389 | D:4      | Found a large runed translucent door.
  3392 | D:4      | Found a large runed translucent door.
  3394 | D:4      | Noticed laros's ghost (amateur MiBe)
  3415 | D:4      | Killed laros's ghost
  3927 | D:5      | Entered Level 5 of the Dungeon
  3992 | D:5      | Reached skill level 1 in Polearms
  3992 | D:5      | Reached XP level 8. HP: 70/70 MP: 9/9
  4093 | D:5      | Found a staircase to the Ecumenical Temple.
  4387 | D:5      | Noticed Ijyb
  4395 | D:5      | Killed Ijyb
  4544 | D:5      | Found a burning altar of Makhleb.
  4546 | D:5      | Found a sparkling altar of Nemelex Xobeh.
  4593 | D:5      | Reached skill level 5 in Shields
  5060 | D:5      | Found a glowing silver altar of Zin.
  5256 | D:6      | Noticed Pikel
  5275 | D:6      | Killed Pikel
  5276 | D:6      | Reached skill level 5 in Armour
  5276 | D:6      | Reached XP level 9. HP: 66/78 MP: 10/12
  5381 | D:6      | Reached *** piety under Beogh
  5470 | D:6      | Reached skill level 5 in Polearms
  5603 | D:6      | Found a hazy altar of Hepliaklqana.
  5681 | D:6      | Noticed Blork the orc
  5687 | D:6      | Killed Blork the orc
  5994 | D:7      | Found a basalt altar of Yredelemnul.
  6023 | D:7      | Reached skill level 5 in Dodging
  6023 | D:7      | Reached skill level 5 in Invocations
  6453 | D:7      | Found a shimmering altar of Xom.
  6508 | D:7      | Found a blossoming altar of Fedhas.
  6759 | D:8      | Found a staircase to the Lair.
  6759 | D:8      | Noticed a hornet
  6765 | D:8      | Killed a hornet
  6822 | D:8      | Reached XP level 10. HP: 86/86 MP: 14/14
  6997 | D:8      | Found Tyceuridd's Firing Range.
  7008 | D:8      | Reached **** piety under Beogh
  7428 | D:8      | Found a shimmering blue altar of Sif Muna.
  7535 | D:8      | Noticed a gargoyle
  7543 | D:8      | Killed a gargoyle
  8663 | D:9      | Found an ornate altar of the Wu Jian Council.
  8678 | D:9      | Noticed a two-headed ogre
  8688 | D:9      | Killed a two-headed ogre
  8846 | D:9      | Found a broken altar of Ashenzari.
  8868 | D:9      | Found an iron altar of Okawaru.
  9054 | D:9      | Found a glowing golden altar of the Shining One.
  9089 | D:9      | Found an ornate altar of the Wu Jian Council.
  9389 | D:10     | Entered Level 10 of the Dungeon
  9468 | D:10     | Noticed a gargoyle
  9475 | D:9      | Killed a gargoyle
  9654 | D:10     | Reached XP level 11. HP: 38/95 MP: 16/16
  9928 | D:10     | Noticed a two-headed ogre
  9936 | D:10     | Killed a two-headed ogre
 10293 | D:10     | Found a white marble altar of Elyvilon.
 10868 | D:11     | Found a flickering gateway to a bazaar.
 10878 | Bazaar   | Entered a bazaar
 10878 | Bazaar   | Found Dosuevya's Weapon Shoppe.
 10878 | Bazaar   | Found Yletimo's Distillery.
 10878 | Bazaar   | Found Nedenn's Magic Scroll Shoppe.
 10878 | Bazaar   | Found Dilyn's Assorted Antiques.
 10880 | Bazaar   | Found Votaokes's Antique Armour Emporium.
 10924 | Bazaar   | Bought a glowing plate armour for 598 gold pieces
 10942 | Bazaar   | Bought a pair of embroidered boots for 165 gold pieces
 11026 | D:11     | Noticed a boulder beetle
 11054 | D:11     | Killed a boulder beetle
 11055 | D:11     | Gained Orgrim as an ally
 11544 | D:11     | Gained Wargath as an ally
 11708 | D:11     | Found a runed translucent gate.
 11709 | D:11     | Found a runed translucent gate.
 11709 | D:11     | Found a runed translucent gate.
 11709 | D:11     | Noticed a purple ugly thing
 11711 | D:11     | Noticed a cyan ugly thing
 11711 | D:11     | Noticed a glowing orange brain
 11711 | D:11     | Noticed a green ugly thing
 11711 | D:11     | a torpor snail changed into a manticore
 11711 | D:11     | Noticed a manticore (glowing shapeshifter)
 11719 | D:11     | a manticore changed into a wind drake
 11723 | D:11     | a dream sheep changed into a salamander
 11723 | D:11     | Noticed a salamander (glowing shapeshifter)
 11725 | D:11     | a salamander changed into a yak
 11783 | D:11     | Noticed a two-headed ogre
 11789 | D:11     | Killed a two-headed ogre
 11789 | D:11     | Gained Herok as an ally
 11791 | D:11     | Your ally Wargath died
 12334 | Lair:1   | Entered Level 1 of the Lair of Beasts
 12342 | D:8      | Reached skill level 10 in Shields
 12349 | Lair:1   | Reached XP level 12. HP: 54/105 MP: 18/18
 12349 | Lair:1   | Reached ***** piety under Beogh
 12566 | Lair:1   | Noticed a death yak
 12566 | Lair:1   | Noticed a death yak
 12567 | Lair:1   | Noticed a death yak
 12568 | Lair:1   | Noticed a death yak
 12568 | Lair:1   | Noticed a death yak
 12578 | Lair:1   | Killed a death yak
 12593 | Lair:1   | Killed a death yak
 12593 | Lair:1   | Your ally Herok died
 12594 | Lair:1   | Reached skill level 10 in Polearms
 12606 | Lair:1   | Killed a death yak
 12613 | Lair:1   | Killed a death yak
 12615 | Lair:1   | Killed a death yak
 12622 | Lair:1   | Reached skill level 10 in Fighting
 13996 | Lair:2   | You fall into a shaft and drop 1 floor!
 14687 | Lair:2   | Found a staircase to the Swamp.
 14945 | Lair:2   | Found a hole to the Spider Nest.
 15600 | Lair:3   | Reached XP level 13. HP: 106/114 MP: 20/20
 15601 | Lair:3   | Reached skill level 10 in Invocations
 16686 | Lair:4   | Found a staircase to the Slime Pits.
 17022 | Lair:5   | Entered Level 5 of the Lair of Beasts
 18010 | Lair:5   | Reached skill level 10 in Armour
 18891 | D:12     | Reached XP level 14. HP: 115/125 MP: 22/22
 18942 | D:12     | Gained Morbeogh as an ally
 18955 | D:12     | Found a roughly hewn altar of Beogh.
 18955 | D:12     | Found a staircase to the Orcish Mines.
 19039 | D:12     | Gained Ortolf as an ally
 19981 | D:13     | Gained Wardok as an ally
 20247 | D:13     | Noticed Azrael
 20258 | D:13     | Killed Azrael
 22301 | D:14     | Found a gate to the Vaults.
 23045 | D:14     | Noticed Snorg
 23054 | D:14     | Killed Snorg
 24354 | Orc:1    | Entered Level 1 of the Orcish Mines
 24524 | Orc:1    | Reached ****** piety under Beogh
 24893 | Orc:2    | Entered Level 2 of the Orcish Mines
 24903 | Orc:2    | Found a roughly hewn altar of Beogh.
 24915 | Orc:2    | Found a staircase to the Elven Halls.
 25040 | Orc:2    | Found Atem's Jewellery Shop.
 25050 | Orc:2    | Reached XP level 15. HP: 114/136 MP: 24/24
 25059 | Orc:2    | Gained Harm as an ally
 25080 | Orc:2    | Gained Oruk as an ally
 25087 | Orc:2    | Found Sarujemo's Magic Scroll Shoppe.
 25088 | Orc:2    | Found Nace's Jewellery Boutique.
 25092 | Orc:2    | Found Atung's Magic Scroll Shop.
 25120 | Orc:2    | Your ally Wardok died
 25124 | Orc:2    | Noticed Nessos
 25124 | Orc:2    | Killed Nessos
 25193 | Orc:2    | Bought an amulet of regeneration for 510 gold pieces
 25203 | Orc:2    | Bought the ring "Urchu Hoe" {Fire rCorr Str+3 Dex+2 SInv}
                  | for 784 gold pieces
 25634 | Orc:1    | Noticed Urug
 25667 | Orc:1    | Found a roughly hewn altar of Beogh.
 26082 | Spider:1 | Entered Level 1 of the Spider Nest
 26082 | Spider:1 | Noticed Agnes
 26091 | Lair:2   | Killed Agnes
 28371 | Spider:1 | Gained Alork as an ally
 30302 | Spider:2 | Noticed Jorgrun
 30416 | Spider:2 | Constricted to death by Jorgrun

Illustrated notes

Levels and vault maps discovered:
D:1:      dpeg_arrival_simpleton_a, layout_rooms
D:2:      layout_loops_cross, uniq_terence, uniq_natasha
D:3:      layout_loops_cross, mainiacjoe_overflow_brackets,
          mainiacjoe_overflow_swirl,
          hellmonk_ecumenical_altar_pennies_from_heaven, serial_shops, shop,
          nicolae_shop_rolled_up, nicolae_shop_stone, serial_bayou_pond_a,
          dreamdust_princess_bridge, uniq_jessica, uniq_robin
D:4:      layout_loops_corners, ebering_ghost_disaster_area,
          minmay_misc_feat_diagonals
D:5:      layout_gridville, lemuel_doored_altar, jmf_multi_god_temple,
          minmay_temple_entry_offerings, minivault_26, uniq_ijyb
D:6:      layout_basic, nicolae_overflow_hidden_temple, lightli_orcish_oven,
          uniq_blork_the_orc, uniq_pikel
D:7:      layout_loops_ring, mainiacjoe_overflow_small_starburst,
          mainiacjoe_overflow_paths, mainiacjoe_overflow_alcove_2, serial_glass,
          glass_columns_c, glass_columns_a, item_on_display_a,
          minmay_misc_feat_enclosed
D:8:      hangedman_cross_stitches, layout_loops_cross, lemuel_blue_sif_altar,
          lair_entry_dummy, nicolae_shop_firing_range
D:9:      nicolae_cairo_tiling, layout_grid_maze,
          mainiacjoe_overflow_cross_hatched, general_overflow_altar,
          okawaru_gym_becter, hangedman_feature_mirror
D:10:     layout_rooms, amcnicky_altar_gilded, hangedman_decor_points,
          grunt_ministairs_13
D:11:     layout_basic, ploomutoo_gammafunk_ghost_potion_laboratory,
          serial_shops, bzr_entry_customers
D:12:     layout_cave_pools, david_orc_5, minmay_joined_circles
D:13:     layout_stronghold, uniq_azrael
D:14:     layout_roguey, erik_vaults_2, kennysheep_decorative_pillar, uniq_snorg
Lair:1:   layout_cave_pods
Lair:2:   layout_cave_pods, minmay_swamp_entry_worms,
          hellmonk_spider_entry_not_the_bees
Lair:3:   layout_misc_corridors, grunt_forest_small_clearing_treed,
          infiniplex_staircase_pool_2
Lair:4:   layout_hall_layers, slime_entry_1
Lair:5:   evilmike_catoblepas_cave, layout_cave_pods
Spider:1: layout_spider_delve, uniq_agnes
Spider:2: lemuel_spider_zombies, drop_trap, uniq_jorgrun
Orc:1:    layout_caves, basic_altar, nicolae_orc_bridge_out, uniq_urug
Orc:2:    st_orc_open, layout_caves, basic_altar, nicolae_orc_crystal_geode,
          uniq_nessos

Skill      XL: |  1  2  3  4  5  6  7  8  9 10 11 12 13 14 15 |
---------------+----------------------------------------------+-----
Armour         | 1 2 3 4 5 6 7 9 10 11 12 | 12.9
Fighting       | 4 5 6 7 8 9 10 11 13 14 | 14.5
Axes           | 5 |  5.0
Dodging        | 3 4 5 6 7 |  7.0
Shields        | 2 3 5 6 8 10 11 12 13 | 13.8
Invocations    | 2 4 5 6 8 9 11 13 14 | 14.7
Polearms       | 1 4 6 7 9 11 13 | 13.7

Action                     |  1- 3 |  4- 6 |  7- 9 | 10-12 | 13-15 || total
---------------------------+-------+-------+-------+-------+-------++-------
  Melee: Hand axe          |    42 |       |       |       |       ||    42
         Dagger            |    47 |   150 |       |       |       ||   197
         Spear             |       |    30 |    67 |       |       ||    97
         Trident           |       |       |   232 |   439 |   810 ||  1481
  Throw: Dart              |       |       |     1 |     3 |    10 ||    14
 Invoke: Convert to Beogh  |       |     1 |       |       |       ||     1
         Smiting           |       |       |       |     2 |     6 ||     8
         Recall Orcish Fol |       |       |       |     2 |    15 ||    17
  Evoke: Wand              |       |       |       |     4 |     1 ||     5
    Use: Scroll            |       |     4 |    14 |     5 |    10 ||    33
         Potion            |       |       |       |     5 |     3 ||     8
   Stab: Distracted        |       |       |       |     5 |     9 ||    14
 Armour: Robe              |    16 |       |       |       |       ||    16
         Scale mail        |     7 |    93 |    52 |       |       ||   152
         Chain mail        |       |       |   114 |       |       ||   114
         Plate armour      |       |       |     8 |   317 |   566 ||   891
  Dodge: Dodged            |    65 |    84 |   116 |   169 |   313 ||   747
  Block: Buckler           |       |    17 |    40 |       |       ||    57
         Kite shield       |       |       |    95 |   363 |   678 ||  1136
         Reflection        |       |       |       |       |     4 ||     4
